 Dungeon Crawl Stone Soup version 0.29-a0-233-g1125b37a9b (webtiles) character file.

Game seed: 12054528475231177509

7 sammy202020 the Skirmisher (level 1, -2/18 HPs)
             Began as a Demonspawn Berserker on Mar 1, 2022.
             Was a Follower of Trog.
             Slain by a quokka (4 damage)
             ... on level 1 of the Dungeon.
             The game lasted 00:00:18 (275 turns).

sammy202020 the Skirmisher (Demonspawn Berserker)    Turns: 275, Time: 00:00:19

Health: -2/18      AC:  2    Str: 17    XL:     1   Next: 91%
Magic:  1/1        EV: 12    Int:  8    God:    Trog [*.....]
Gold:   28         SH:  0    Dex: 12    Spells: 0/0 levels left

rFire   . . .      SeeInvis .   a - +0 mace
rCold   . . .      Faith    .   (no shield)
rNeg    . . .      Spirit   .   b - +0 animal skin
rPois   .          Reflect  .   (no helmet)
rElec   .          Harm     .   (no cloak)
rCorr   .          Rampage  .   (no gloves)
Will    .....                   (no boots)
Stlth   +.........              (no amulet)
HPRegen 0.06/turn               (no ring)
MPRegen 0.07/turn               (no ring)

@: no status effects
A: no striking features
a: Renounce Religion, Berserk


You were on level 1 of the Dungeon.
You worshipped Trog.
Trog was aware of your devotion.
You visited 1 branch of the dungeon, and saw 1 of its levels.

You collected 28 gold pieces.

Inventory:

Hand Weapons
 a - a +0 mace (weapon)
Armour
 b - a +0 animal skin (worn)
Potions
 c - a potion of heal wounds {unknown}


   Skills:
 + Level 3.1 Fighting
 + Level 2.8 Maces & Flails
 + Level 2.0 Armour
 + Level 1.9 Dodging


You couldn't memorise any spells.
You didn't know any spells.
Your spell library was empty.

Dungeon Overview and Level Annotations

Branches:
Dungeon (1/15)

Altars:


Message History

You kill the giant cockroach!
Trog accepts your kill.
No target in view!
No target in view!
You now have 28 gold pieces (gained 14).
You see here a giant cockroach corpse.
A hobgoblin and an endoplasm come into view.
The hobgoblin shouts!
There are monsters nearby!
A goblin comes into view. It is wielding a +0 dagger.
The goblin shouts!
The endoplasm quivers.
A quokka comes into view.
The hobgoblin hits you.
You sock the hobgoblin!
You kill the hobgoblin!
Trog accepts your kill.
Your Armour skill increases to level 2!
The goblin hits you with a +0 dagger. The endoplasm freezes you.
You are frozen.
You are too injured to fight recklessly!
You are too injured to fight recklessly!
You are too injured to fight recklessly!
You fail to use your ability.
The goblin closely misses you.
The endoplasm hits you but does no damage.
You closely miss the quokka. The quokka misses you.
The goblin closely misses you.
The endoplasm jiggles.
The endoplasm hits you but does no damage.
You barely miss the quokka.
The quokka twitches its whiskers.
The quokka barely misses you. The goblin hits you with a +0 dagger.
The endoplasm freezes you.
You are frozen.
* * * LOW HITPOINT WARNING * * *
You hit the quokka. Your punch misses the quokka.
The quokka is almost dead.
The quokka bites you.
You die...

......##
.#.#....#
..#....###
#.......### #
#..........
#..##.......#
#......r.†#
#.###g@..#######
#....J..........
#.###...########
#.###.#†#
........######.
#.###.#........
#.#.######.
#.#.# #(#.#


You could see an endoplasm, a quokka and a goblin.

Vanquished Creatures
  A giant cockroach (D:1)
  2 hobgoblins (D:1)
  3 ball pythons (D:1)
  A bat (D:1)
7 creatures vanquished.

Notes
Turn   | Place    | Note
-------+----------+-------------------------------------------
     0 | D:1      | sammy202020 the Demonspawn Berserker began the quest for
                  | the Orb.
     0 | D:1      | Reached XP level 1. HP: 18/18 MP: 1/1
   275 | D:1      | Slain by a quokka

Illustrated notes

Levels and vault maps discovered:
D:1:      saegor_arrival_simple_b, layout_loops_ring

Skill      XL: |  1 |
---------------+----+-----
Armour         | 2 |  2.0
Fighting       | |  3.1
Maces & Flails | |  2.8
Dodging        | |  1.9

Action                   || total
-------------------------++-------
Melee: Mace              ||    14
 Stab: Sleeping          ||     1
Armor: Animal skin       ||     2
Dodge: Dodged            ||    10

Table legend: (Time is in decaauts)
 A = Elapsed time spent in this place.
 B = Non-inter-level travel time spent in this place.
 C = Inter-level travel time spent in this place.
 D = Time resting spent in this place.
 E = Time spent auto-exploring this place.
 F = Levels seen in this place.
 G = Mean time per level.
                   A        B        C        D        E       F      G
               +--------+--------+--------+--------+--------+-----+--------+
         Total |    278 |    278 |      0 |      0 |    238 |   1 |  278.0 |
       Dungeon |    278 |    278 |      0 |      0 |    238 |   1 |  278.0 |
               +--------+--------+--------+--------+--------+-----+--------+

Top non-repeatable levels by time:
     D:1: 278 daAuts
